 Dungeon Crawl Stone Soup version 0.18-a0-1435-gee79d65 (webtiles) character file.

22 Ratboiler the Ruffian (level 2, 27/27 HPs)
             Began as a Troll Warper on Feb 28, 2016.
             Was a Follower of Vehumet.
             Quit the game on level 2 of the Dungeon.
             The game lasted 00:02:27 (875 turns).

Ratboiler the Ruffian (Troll Warper)                 Turns: 875, Time: 00:02:27

Health: 27/27      AC:  6    Str: 18    XL:     2   Next: 68%
Magic:  2/2        EV: 10    Int:  9    God:    Vehumet [*.....]
Gold:   59         SH:  0    Dex:  9    Spells: 1 memorised, 2 levels left

rFire  . . .     SeeInvis .       - Unarmed
rCold  . . .     Gourm    +     a - +0 robe
rNeg   . . .     Faith    .     (no shield)
rPois  .         Spirit   .     (helmet restricted)
rElec  .         Dismiss  .     n - +0 cloak
rCorr  .         Reflect  .     (gloves unavailable)
SustAt .         Harm     .     (boots unavailable)
MR     .....                    (no amulet)
Stlth  +.........               (no ring)
                                (no ring)

@: not resistant to hostile enchantments, very unstealthy
A: unfitting armour, claws 3, fast metabolism 3, gourmand, regeneration 2,
shaggy fur 1, tough skin 2
a: Renounce Religion


You were on level 2 of the Dungeon.
You worshipped Vehumet.
Vehumet was aware of your devotion.
You were not hungry.

You visited 1 branch of the dungeon, and saw 2 of its levels.

You collected 59 gold pieces.

Inventory:

Missiles
 d - 5 tomahawks of dispersal (quivered)
 j - 19 stones
Armour
 a - a +0 robe (worn)
 n - a +0 cloak (worn)
Scrolls
 c - 2 scrolls of blinking
 g - a scroll of remove curse {unknown}
 o - a scroll of fear {unknown}
Potions
 e - 2 potions of might {unknown}
 h - a potion of curing {unknown}
 k - a potion of cure mutation {unknown}
 m - a potion of heal wounds {unknown}
Books
 b - a book of Spatial Translocations

   Spells                             Type                      Level
   a - Apportation                    Translocation                1
   b - Blink                          Translocation                2
   c - Shroud of Golubria             Charms/Translocation         2
   d - Portal Projectile              Translocation                3
   e - Teleport Other                 Translocation                3
   f - Passage of Golubria            Translocation                4
Comestibles
 f - 3 bread rations
 i - a beef jerky
 l - a meat ration


   Skills:
 - Level 1.5 Fighting
 - Level 0.8 Throwing
 - Level 1.9 Dodging
 + Level 3.3 Unarmed Combat
 - Level 1.2 Spellcasting
 - Level 2.1 Translocations


You had 2 spell levels left.
You knew the following spells:

 Your Spells              Type           Power        Failure   Level  Hunger
a - Apportation           Tloc           #.........   14%         1    ##.....


Dungeon Overview and Level Annotations

Branches:
Dungeon (2/15)

Altars:
Vehumet


Innate Abilities, Weirdness & Mutations

You are too large for most types of armour.
You have claws for hands.
Your metabolism is lightning-fast.
You like to eat raw meat.
You heal very quickly.
You are covered in fur (AC +1).
You have very tough skin (AC +2).


Message History

No target in view!
No target in view!
No target in view!
No target in view!
No target in view!
No target in view!
No target in view!
No target in view!
You see here a kobold corpse.
Found a stone staircase leading up.
Found a faded altar to an unknown god.
There is a faded altar to an unknown god here.
This altar will convert you to a god.
You cannot discern which.
Do you pray?
Okay, then.
This altar will convert you to a god.
You cannot discern which.
Do you pray? Vehumet accepts your prayer! Vehumet welcomes you!
You can now gain magical power from killing.
Vehumet offers you knowledge of Flame Tongue.
Are you sure you want to abandon this character and quit the game? (Confirm with "yes".)

.# .# ##########.#
..........# # ##........#
#.##.....8...##
#....#..8.8...#.#
#...8.@.8....#
##<..8.8..##.# #.#
#....8....... #.#
#........##.# ..#
#....##.###.# #.# #...##
.# #.# #.#
#.##..####.###.########.#
#..........#.........##.#
####(...####.#......#...#


There were no monsters in sight!

Vanquished Creatures
  An adder (D:1)
  A dart slug (D:1)
  A giant cockroach (D:1)
  2 goblins (D:1)
  2 hobgoblins (D:1)
  A bat (D:1)
  A giant newt (D:1)
  2 kobolds
  2 rats
13 creatures vanquished.

Notes
Turn   | Place    | Note
--------------------------------------------------------------
     0 | D:1      | Ratboiler the Troll Warper began the quest for the Orb.
     0 | D:1      | Reached XP level 1. HP: 19/19 MP: 1/1
   127 | D:1      | Reached XP level 2. HP: 27/27 MP: 2/2
   403 | D:1      | Reached skill level 3 in Unarmed Combat
   867 | D:2      | Found a faded altar to an unknown god.
   875 | D:2      | Became a worshipper of Vehumet
   875 | D:2      | Reached * piety under Vehumet
   875 | D:2      | Offered knowledge of Flame Tongue by Vehumet.
   875 | D:2      | Quit the game

Vault maps used:
D:1:      dpeg_arrival_tiny_a
D:2:      old_standard_altar, ecumenical_altar_2

Skill      XL: |  1  2 |
---------------+-------+-----
Unarmed Combat | 3 |  3.3
Fighting       | |  1.5
Throwing       | |  0.8
Dodging        | |  1.9
Spellcasting   | |  1.2
Translocations | |  2.1

Action                   || total
-------------------------++-------
Melee: Unarmed           ||    34
  Eat: Chunk             ||     7
